Map: Neon Violet Square LE

Players

GraySubaru - Winner!

  • Race: Terran Terran
  • League: Silver
  • Spawn Location: 5:00

WeAreLegion

  • Race: Terran Terran
  • League: Silver
  • Spawn Location: 11:00

VOD

Have the link to the VOD?

Description

Time

  • Played on: Dec. 13, 2024, 1:36 a.m.
  • Length: 21:05
Show
View Real Time Build Order
Export as new Build Order

GraySubaru Terran - Winner!

Build Orders:  

Get SALT Encoding   

  12  0:00  SCV  
  13  0:13  SCV  
  14  0:21  Supply Depot  
  14  0:25  SCV  
  15  0:37  Refinery  
  15  0:42  SCV  
  16  0:47  Barracks  
  16  0:54  SCV  
  17  1:06  SCV  
  18  1:19  SCV  
  19  1:31  SCV  
  20  1:33  Command Center  
  20  1:35  Reaper  
  21  1:43  SCV  
  22  1:55  Orbital Command  
  22  1:59  Supply Depot  
  22  2:07  Reaper  
  23  2:14  Refinery  
  23  2:23  Barracks  
  23  2:24  SCV  
  24  2:36  SCV  
  24  2:37  Factory  
  25  2:39  Marine  
  26  2:48  SCV  
  26  2:49  SCV  
  28  2:54  Supply Depot  
  28  2:59  Marine  
  28  3:00  SCV  
  28  3:01  SCV  
  31  3:13  SCV x2  
  31  3:16  Marine  
  31  3:17  Marine  
  35  3:33  SCV x2  
  35  3:34  Marine  
  37  3:35  Marine  
  39  3:45  SCV x2  
  41  3:49  Widow Mine  
  41  3:52  Marine x2, Factory  
  45  3:56  Starport  
  44  4:05  Supply Depot, SCV x2  
  44  4:09  Marine  
  46  4:10  Marine  
  46  4:13  Refinery  
  46  4:15  Widow Mine  
  50  4:17  SCV  
  51  4:28  Marine x2, Engineering Bay  
  51  4:29  SCV  
  54  4:36  Factory Tech Lab  
  54  4:37  Factory Tech Lab  
  55  4:45  SCV  
  55  4:46  Marine x2, Medivac  
  59  4:54  Starport  
  59  4:57  SCV  
  59  4:58  SCV  
  61  5:03  Marine, Refinery  
  61  5:06  Supply Depot  
  62  5:09  Terran Infantry Weapons Level 1  
  62  5:14  Supply Depot  
  62  5:28  SCV, Marine  
  64  5:29  Medivac  
  61  5:53  Starport Reactor  
  61  6:04  Starport Reactor  
  61  6:12  Command Center  
  61  6:13  Missile Turret  
  61  6:17  Supply Depot  
  61  6:22  Marine  
  61  6:23  Marine  
  63  6:26  Orbital Command  
  63  6:29  Siege Tank  
  63  6:31  Siege Tank  
  69  6:40  Marine x2  
  69  6:41  Barracks  
  71  6:58  Marine x2  
  73  7:02  SCV  
  73  7:03  SCV  
  73  7:15  SCV x2  
  75  7:16  Marine x2  
  77  7:26  Siege Tank  
  77  7:27  SCV x2  
  82  7:34  Marine x2  
  84  7:39  SCV x2  
  84  7:40  Starport, Factory Reactor, Viking x2  
  84  7:41  Viking  
  92  7:45  Combat Shield  
  92  7:50  Terran Infantry Armor Level 1  
  92  7:51  SCV x2  
  93  7:56  Supply Depot  
  94  8:00  Supply Depot  
  94  8:03  SCV x2  
  96  8:06  SCV  
  97  8:15  SCV x2  
  99  8:27  SCV x3  
  102  8:39  SCV x2  
  102  8:40  SCV  
  102  8:41  Starport Reactor, Viking x3  
  107  8:42  Viking  
  112  8:51  SCV  
  96  9:10  Marine  
  96  9:11  Marine  
  92  9:28  Marine x2  
  90  9:44  Hi-Sec Auto Tracking  
  90  9:46  Marine x2  
  90  9:49  Stimpack  
  90  9:51  Viking x5  
  90  9:52  Viking  
  104  9:58  Starport  
  104  10:00  Orbital Command  
  104  10:04  Marine x2  
  106  10:14  Supply Depot  
  106  10:17  Supply Depot  
  106  10:20  Supply Depot  
  106  10:21  Engineering Bay  
  106  10:22  Marine x2  
  106  10:25  Refinery  
  106  10:27  Refinery  
  108  10:39  Marine  
  108  10:40  Marine  
  110  10:44  Command Center  
  110  10:50  Starport Tech Lab  
  110  10:51  Medivac  
  110  10:52  Medivac x2  
  116  10:57  Marine  
  116  10:59  Barracks Reactor  
  116  11:01  Marine  
  118  11:05  Siege Tank  
  118  11:06  Infernal Pre-Igniter  
  121  11:15  Marine  
  122  11:19  Marine  
  115  11:33  Marine  
  115  11:37  Siege Tank, Marine  
  120  11:46  Hyperflight Rotors  
  120  11:51  Marine  
  121  11:55  Marine  
  122  12:01  Supply Depot  
  122  12:02  Supply Depot  
  122  12:04  Neosteel Armor  
  122  12:09  Siege Tank, Concussive Shells  
  122  12:13  Marine  
  126  12:17  Barracks Reactor  
  126  12:20  Command Center  
  122  12:30  Marine  
  123  12:41  Siege Tank  
  118  12:58  Missile Turret  
  113  13:13  Siege Tank  
  115  13:28  Marine x4  
  119  13:40  Viking x5  
  119  13:41  Viking  
  128  13:46  Mag-Field Accelerator, Marine x3  
  118  14:10  Viking x4  
  118  14:11  Interference Matrix  
  111  14:55  Marine  
  111  14:56  Marine x4  
  116  15:04  Marine  
  117  15:13  Marine x2  
  117  15:14  Marine x3  
  120  15:16  Viking x5  
  120  15:17  Viking  
  134  15:22  Marine  
  135  15:31  Marine x3  
  135  15:32  Marine  
  139  15:44  Command Center x2  
  139  15:46  Command Center, Viking x2  
  143  15:54  Missile Turret  
  143  15:55  Marine  
  143  15:56  Marine x5, Missile Turret  
  149  16:11  Supply Depot  
  149  16:12  Supply Depot  
  149  16:21  Marine x2  
  149  16:24  Marine x2  
  149  16:32  Marine x2  
  151  16:38  Siege Tank x2  
  151  16:39  Marine x2  
  159  16:42  Marine x2  
  161  16:50  Marine x2  
  161  16:57  Marine x2  
  161  17:00  Marine x2  
  165  17:07  Marine x2  
  167  17:10  Siege Tank  
  167  17:14  Marine x2  
  172  17:18  Marine x2  
  171  17:35  Marine x4  
  171  17:36  Marine x2  
  173  17:53  Marine x5  
  173  17:54  Marine  
  169  18:11  Marine x6  
  168  18:28  Orbital Command, Marine  
  168  18:29  Marine x2  
  168  18:32  Planetary Fortress  
  168  18:39  Planetary Fortress  
  168  18:44  Refinery  
  168  18:46  Refinery  
  168  19:03  Viking x5  
  178  19:26  Armory  
  178  19:27  Armory  
  178  19:32  Viking  
  178  19:33  Viking x5  
  190  20:02  Viking  
  192  20:24  Starport  
Show
View Real Time Build Order
Export as new Build Order

WeAreLegion Terran 

Build Orders:  

Get SALT Encoding   

  12  0:00  SCV  
  13  0:12  SCV  
  14  0:17  Supply Depot  
  14  0:25  SCV  
  15  0:39  SCV  
  15  0:41  Barracks  
  16  0:46  Refinery  
  16  0:51  SCV  
  17  1:03  SCV  
  18  1:15  SCV, Refinery  
  19  1:28  Orbital Command  
  19  1:30  Reaper  
  20  1:34  Supply Depot  
  20  1:58  SCV  
  21  2:01  Factory  
  21  2:14  SCV  
  22  2:16  Reaper  
  23  2:26  SCV  
  24  2:35  Command Center  
  24  2:38  SCV  
  25  2:47  Starport  
  25  2:51  Barracks Reactor  
  25  2:53  SCV  
  26  2:59  Supply Depot  
  26  3:05  SCV  
  27  3:06  Hellion  
  29  3:17  SCV  
  28  3:35  SCV  
  28  3:39  Starport Tech Lab  
  28  3:40  Factory Tech Lab  
  29  3:47  SCV  
  30  4:00  SCV  
  30  4:01  Cloaking Field, Banshee  
  33  4:11  Orbital Command  
  33  4:12  SCV  
  33  4:14  Siege Tank  
  33  4:15  Marine x2  
  39  4:31  Supply Depot  
  39  4:35  Supply Depot, SCV  
  40  4:40  Refinery  
  40  4:41  SCV  
  41  4:47  SCV, Barracks  
  41  4:49  Barracks  
  42  4:53  SCV  
  44  5:00  SCV  
  44  5:05  SCV  
  45  5:09  Marine  
  45  5:10  Marine  
  45  5:11  Siege Tank  
  45  5:12  SCV  
  51  5:17  SCV  
  51  5:19  Raven  
  54  5:24  SCV  
  54  5:27  Marine  
  54  5:28  Marine  
  57  5:29  SCV  
  58  5:36  SCV  
  58  5:39  Marine  
  58  5:41  SCV  
  58  5:42  Barracks Tech Lab  
  61  5:45  Marine x2  
  61  5:48  SCV  
  61  5:53  SCV  
  62  5:57  Raven  
  62  6:00  Barracks Tech Lab, SCV  
  62  6:01  Stimpack  
  62  6:02  Marine  
  62  6:03  Marine  
  67  6:05  SCV  
  67  6:11  Marine  
  69  6:12  SCV  
  69  6:15  Command Center  
  70  6:25  Barracks  
  70  6:28  Engineering Bay  
  70  6:31  Armory  
  70  6:32  Supply Depot  
  70  6:35  Supply Depot, Marine x2  
  70  6:36  Siege Tank, SCV x2  
  77  6:40  Refinery  
  79  6:54  Marauder  
  79  6:56  Supply Depot  
  79  6:58  SCV x2  
  78  7:21  Supply Depot  
  78  7:22  Supply Depot  
  78  7:23  SCV x2  
  78  7:26  Marine x2  
  78  7:27  Siege Tank  
  89  7:35  SCV x2  
  87  7:39  Barracks Reactor  
  87  7:41  Combat Shield  
  87  7:44  Marauder  
  87  7:45  Marauder  
  87  7:47  SCV x2  
  87  7:49  Barracks  
  87  7:50  Supply Depot  
  93  7:51  Terran Infantry Weapons Level 1  
  93  7:53  Supply Depot  
  93  7:56  Engineering Bay  
  93  8:00  Terran Vehicle Weapons Level 1  
  93  8:06  Marauder  
  93  8:12  Marine x2  
  95  8:14  Siege Tank  
  104  8:20  Viking x2  
  104  8:27  Marine  
  104  8:31  Marauder x2  
  98  8:44  Marine  
  98  8:46  Siege Tank  
  102  8:50  Medivac  
  102  8:52  Marine  
  61  9:19  Marine x2  
  61  9:20  Marine  
  61  9:28  Siege Tank  
  64  9:38  Marauder x3  
  68  9:48  Viking  
  68  9:51  Refinery  
  70  9:53  Barracks Reactor  
  70  9:54  Refinery  
  70  9:59  Marine x2, Marauder  
  74  10:00  Siege Tank  
  74  10:06  Missile Turret x2  
  76  10:12  Missile Turret  
  76  10:16  Marine  
  76  10:17  Marauder  
  76  10:20  Missile Turret, Marauder  
  81  10:29  Orbital Command  
  81  10:35  Marauder  
  74  10:38  Marine  
  74  10:41  Marine  
  76  10:43  Missile Turret  
  76  10:45  Missile Turret  
  76  10:48  SCV x2  
  78  10:54  Missile Turret  
  78  10:56  Marine, Missile Turret, Marauder  
  81  11:00  SCV, Marauder  
  81  11:02  Viking x2  
  88  11:13  Marine  
  88  11:17  Marine  
  88  11:21  Marauder  
  89  11:31  Marine  
  89  11:32  Viking x2  
  94  11:35  Marine  
  95  11:42  Marine  
  95  11:49  Marine  
  95  11:50  Command Center  
  95  11:53  Marine  
  97  12:00  Marauder  
  99  12:03  Siege Tank  
  99  12:06  Command Center  
  99  12:07  Marauder  
  104  12:11  Marine  
  105  12:21  Marine  
  106  12:28  Marine x2  
  107  12:35  Siege Tank  
  98  12:39  Marine  
  99  12:47  Marauder x2  
  99  12:48  Command Center  
  98  12:57  Marine  
  92  13:07  Siege Tank, Marine  
  92  13:08  Marine  
  93  13:15  Marauder  
  77  13:25  Marine  
  77  13:26  Marauder  
  78  13:36  Marine  
  79  13:43  Marine  
  79  13:47  Marine  
  64  13:54  Marauder  
  59  14:02  Marauder  
  50  14:05  Marauder  
  52  14:15  Marine  
  52  14:16  Siege Tank  
  56  14:22  Marine  
  51  14:26  Marine  
  51  14:28  SCV  
  53  14:33  Marauder  
  52  14:40  SCV, Marine  
  52  14:44  Marine  
  55  14:48  Siege Tank  
  55  14:52  SCV  
  58  14:54  Marine  
  58  14:59  Marauder  
  61  15:02  Marauder  
  61  15:04  SCV  
  64  15:13  Marauder  
  66  15:17  SCV  
  66  15:18  Viking x2  
  66  15:20  Siege Tank, Marauder  
  76  15:34  Planetary Fortress  
  76  15:52  SCV  
  77  16:01  Terran Ship Weapons Level 1  
  77  16:05  SCV  
  77  16:09  Orbital Command  
  78  16:17  SCV  
  78  16:34  SCV  
  78  16:37  SCV  
  80  16:43  Missile Turret  
  80  16:44  Missile Turret  
  81  16:49  SCV, Marine  
  81  16:50  Marine x2  
  81  16:51  Siege Tank  
  74  17:01  SCV  
  74  17:07  Marine x2  
  74  17:08  Marauder  
  78  17:26  Marauder x2  
  78  17:29  Marine  
  69  17:46  Marine  
  69  17:47  Marine, Marauder  
  72  18:04  Marine  
  72  18:05  Marauder  
  72  18:08  Marine  
  72  18:11  Engineering Bay  
  71  18:13  Supply Depot  
  71  18:14  SCV  
  70  18:22  Marine  
  70  18:26  Marauder x2  
  70  18:27  SCV  
  73  18:53  SCV  
  73  18:54  Marine x3  
  77  18:58  SCV  
  78  19:05  SCV  
  79  19:10  SCV  
  79  19:12  Marine x3  
  77  19:29  Marine  
  78  19:57  Refinery  
  78  20:00  Refinery  
  78  20:06  Refinery  
  76  20:20  Marine x2  
  78  20:21  Marine  
  79  20:38  Marine  
  78  20:45  Marine x2  
Tags
 
Matchup
TvT
Race
Terran
Replay Pack
December
Spawn Locations
Cross Positions
Add a new tag
Caveats
  • Supply blocks, unpowered buildings, or Contaminate may cause inaccurate times.
  • Supply counts are checked every 10 seconds.